 Dungeon Crawl Stone Soup version 0.18.1-48-g4cf74bf (webtiles) character file.

68 Jerry the Slasher (level 4, -4/33 HPs)
             Began as a Demonspawn Gladiator on Aug 5, 2016.
             Slain by an orc
             ... wielding a +0 mace of protection
              (5 damage)
             ... on level 3 of the Dungeon.
             The game lasted 00:06:21 (1258 turns).

Jerry the Slasher (Demonspawn Gladiator)            Turns: 1258, Time: 00:06:22

Health: -4/33      AC:  9    Str: 16    XL:     4   Next: 1%
Magic:  4/4        EV: 12    Int:  9    God:
Gold:   100        SH:  0    Dex: 14    Spells: 0 memorised, 3 levels left

rFire  . . .     SeeInvis .     a - +0 long sword
rCold  . . .     Gourm    .     l - +0 ring mail (curse)
rNeg   . . .     Faith    .     (no shield)
rPois  .         Spirit   .     c - +0 helmet
rElec  .         Dismiss  .     (no cloak)
rCorr  .         Reflect  .     (no gloves)
SustAt .         Harm     .     (no boots)
MR     .....                    (no amulet)
Stlth  +.........               (no ring)
                                (no ring)

@: flying, hasted and slowed, not resistant to hostile enchantments, very
unstealthy
A: slimy green scales 2, powered by death 1
a: no special abilities


You were on level 3 of the Dungeon.
You were not hungry.

You visited 1 branch of the dungeon, and saw 3 of its levels.

You collected 100 gold pieces.

Inventory:

Hand Weapons
 a - a +0 long sword (weapon)
 e - a +0 hunting sling
Missiles
 d - 3 throwing nets (quivered)
Armour
 b - a +0 leather armour
 c - a +0 helmet (worn)
 l - a cursed +0 ring mail (worn)
Scrolls
 g - 2 scrolls of identify {unknown}
Potions
 k - a potion of flight
 o - a potion of magic {unknown}
 s - a potion of heal wounds {unknown}
Comestibles
 f - 2 bread rations
 h - 2 fruits
 q - a meat ration
 r - a chunk of flesh


   Skills:
 - Level 2.0 Fighting
 + Level 3.6 Long Blades
 - Level 1.7 Throwing
 + Level 1.5 Armour
 + Level 3.1 Dodging


You had 3 spell levels left.
You didn't know any spells.

Dungeon Overview and Level Annotations

Branches:
Dungeon (3/15)

Altars:


Innate Abilities, Weirdness & Mutations

You are mostly covered in slimy green scales (AC +3).
You regenerate a little health from kills.


Message History

The orc wizard misses you.
You hit the orc wizard but do no damage.
The orc wizard is severely wounded.
The orc wizard barely misses you. The orc hits you but does no damage.
The orc wizard hits you with a dagger.
* * * LOW HITPOINT WARNING * * *
The orc barely misses you.
Drink which item? (? for menu, Esc to quit)
It was a potion of flight.
You feel very buoyant.
You fly up into the air.
The orc wizard hits you but does no damage.
The orc wizard completely misses you. The orc closely misses you.
The orc wizard hits you but does no damage.
Drink which item? (? for menu, Esc to quit)
It was a potion of haste.
You feel yourself speed up.
The orc wizard gestures wildly while chanting.
The orc wizard blinks!
The orc hits you with a mace of protection.
You die...

... #.. #.#
#.# #)# #.#
#########
#.#
#≈≈≈≈≈≈≈#
#o#
#≈≈...≈≈#
#@#
#≈..#..≈#
#§#
#≈.###÷.'
#.#
#≈..#..≈#
#.#
#≈≈...≈≈#
#.#
#≈≈≈≈≈≈≈#
#o#
###########
#.# #..# #
#.# #.## ##
#.# #.# #.


You could see an orc wizard and an orc.

Vanquished Creatures
  An adder (D:3)
  2 oozes
  A worm (D:2)
  4 dart slugs
  A giant gecko (D:2)
  3 orcs (D:3)
  2 bats
  3 giant cockroaches
  A goblin (D:1)
  2 hobgoblins (D:1)
  A ball python (D:1)
  3 giant newts
  5 kobolds
  9 rats
38 creatures vanquished.

Vanquished Creatures (others)
  A dart slug (D:1)
1 creature vanquished.

Grand Total: 39 creatures vanquished

Notes
Turn   | Place    | Note
--------------------------------------------------------------
     0 | D:1      | Jerry the Demonspawn Gladiator began the quest for the Orb.
     0 | D:1      | Reached XP level 1. HP: 16/16 MP: 1/1
   232 | D:1      | Gained mutation: You regenerate a little health from kills. [demonic ancestry]
   232 | D:1      | Reached XP level 2. HP: 21/22 MP: 2/2
   622 | D:1      | Reached skill level 1 in Armour
   762 | D:2      | Gained mutation: You are partially covered in slimy green scales (AC +2). [demonic ancestry]
   762 | D:2      | Reached XP level 3. HP: 16/27 MP: 3/3
   896 | D:2      | Found a faded altar to an unknown god.
  1246 | D:3      | Gained mutation: You are mostly covered in slimy green scales (AC +3). [demonic ancestry]
  1246 | D:3      | Reached XP level 4. HP: 17/33 MP: 4/4
  1256 | D:3      | HP: 1/33 [orc wizard/dagger (1)]
  1258 | D:3      | Slain by an orc

Skill      XL: |  1  2 |
---------------+-------+-----
Long Blades    | 3 |  3.6
Armour         | 1 |  1.5
Dodging        | 3 |  3.1
Fighting       | |  2.0
Throwing       | |  1.7

Action                   |  1- 3 |  4- 6 || total
-------------------------+-------+-------++-------
Melee: Long sword        |   126 |     9 ||   135
  Use: Scroll            |     4 |       ||     4
       Potion            |       |     2 ||     2
  Eat: Chunk             |     1 |       ||     1
Armor: Leather armour    |    34 |       ||    34
       Ring mail         |    40 |     8 ||    48
Dodge: Dodged            |    99 |    13 ||   112
